 Dungeon Crawl Stone Soup version 0.24.0-1-gfbc8707122 (webtiles) character file.

Game seed: 14639970968655787130, levelgen mode: classic

252 EnegeticOcto the Chopper (level 5, -2/47 HPs)
             Began as a Minotaur Fighter on Oct 27, 2019.
             Slain by a hippogriff (3 damage)
             ... on level 2 of the Dungeon.
             The game lasted 00:01:13 (1658 turns).

EnegeticOcto the Chopper (Minotaur Fighter)         Turns: 1658, Time: 00:01:14

Health: -2/47      AC: 13    Str: 26    XL:     5   Next: 89%
Magic:  4/4        EV:  7    Int:  5    God:
Gold:   67         SH: 10    Dex: 10    Spells: 4/4 levels left

rFire    . . .     SeeInvis .   a - +0 war axe
rCold    . . .     Gourm    .   c - +0 shield
rNeg     . . .     Faith    .   j - +4 chain mail {rPois}
rPois    +         Spirit   .   (helmet restricted)
rElec    .         Reflect  .   (no cloak)
rCorr    .         Harm     .   (no gloves)
MR       .....                  (no boots)
Stlth    ..........             (no amulet)
HPRegen  0.15/turn              (no ring)
MPRegen  0.09/turn              (no ring)

@: mighty
A: retaliatory headbutt, horns 2
a: no special abilities


You were on level 2 of the Dungeon.
You were not hungry.

You visited 1 branch of the dungeon, and saw 2 of its levels.

You collected 67 gold pieces.

Inventory:

Hand Weapons
 a - a +0 war axe (weapon)
Armour
 c - a +0 shield (worn)
 j - a +4 chain mail of poison resistance (worn)
Scrolls
 b - a scroll of fear {unknown}
 g - a scroll of blinking {unknown}
 l - a scroll of fog {unknown}
 m - a scroll of noise {unknown}
Potions
 f - a potion of curing {unknown}
 h - a potion of invisibility {unknown}
 i - a potion of ambrosia {unknown}
Comestibles
 e - 4 rations
 k - a chunk of flesh


   Skills:
 + Level 4.5 Fighting
 * Level 4.7 Axes
 + Level 4.6 Armour
 + Level 2.5 Dodging
 + Level 4.6 Shields


You had 4 spell levels left.
You didn't know any spells.
Your spell library was empty.

Dungeon Overview and Level Annotations

Branches:
Dungeon (2/15)

Altars:
Uskayaw
Wu Jian


Innate Abilities, Weirdness & Mutations

You reflexively headbutt those who attack you in melee.
You have a pair of horns on your head.


Message History

Found an ornate altar of the Wu Jian Council.
You see here 16 stones.
A kobold comes into view. It is wielding a -1 short sword.
The kobold shouts!
Found a knobbly smoking staff.
A kobold is nearby!
A kobold is nearby!
A bat comes into view.
The bat moves out of view.
The bat barely misses you. The kobold hits you but does no damage.
You hit the kobold but do no damage. You closely miss the bat.
You block the bat's attack. x2; The kobold hits you but does no damage.
You barely miss the kobold. Your headbutt misses the kobold.
Your shield and chain mail prevent you from hitting the bat.
The bat hits you but does no damage. You block the bat's attack.
The kobold hits you but does no damage. x2
You completely miss the kobold. The bat barely misses you.
You furiously retaliate!
You headbutt the bat. You block the kobold's attack.
You hit the kobold.
The kobold is severely wounded.
The bat hits you but does no damage. x2
The kobold hits you but does no damage.
You barely miss the kobold.
The kobold is severely wounded.
The bat hits you but does no damage. You block the kobold's attack.
The kobold hits you with a cursed -1 short sword.
You hit the kobold.
You kill the kobold!
You closely miss the bat. You block the bat's attack.
The bat barely misses you.
A bat is nearby!
A bat is nearby!
You miss the bat. You headbutt the bat, but do no damage.
The bat hits you but does no damage. x2; You block the bat's attack.
Your chain mail prevents you from hitting the bat.
You block the bat's attack. The bat hits you but does no damage.
You hit the bat.
You kill the bat!
No target in view!
No target in view!
No target in view!
No target in view!
Eating one of 2 chunks of flesh.
You eat one of the 2 chunks of flesh.
This raw flesh tastes terrible.
Things that are here:
a cursed -1 short sword; a kobold corpse
Found a stone staircase leading down.
You now have 67 gold pieces (gained 5).
You open the door.
A hippogriff comes into view.
There is an open door here.
The hippogriff bites you! You block the hippogriff's attack. x2
You barely miss the hippogriff. Your headbutt misses the hippogriff.
You block the hippogriff's attack. x2
The hippogriff claws you but does no damage.
You slash the hippogriff! Your headbutt misses the hippogriff.
The hippogriff is lightly wounded.
The hippogriff bites you. The hippogriff barely misses you.
The hippogriff claws you but does no damage.
You closely miss the hippogriff.
The hippogriff is lightly wounded.
The hippogriff bites you. You block the hippogriff's attack.
The hippogriff claws you.
The hippogriff bites you but does no damage.
The hippogriff pecks you but does no damage.
The hippogriff claws you.
You slash the hippogriff!
The hippogriff is moderately wounded.
The hippogriff bites you. The hippogriff pecks you.
You block the hippogriff's attack.
You slash the hippogriff!
You headbutt the hippogriff, but do no damage.
The hippogriff is heavily wounded.
The hippogriff bites you. You block the hippogriff's attack.
The hippogriff claws you but does no damage.
The hippogriff bites you.
The hippogriff pecks you but does no damage.
The hippogriff claws you but does no damage.
You are too injured to fight recklessly!
Okay, then.
Really quaff
d - a potion of might {@q3 !q}?
You feel very mighty all of a sudden.
The hippogriff bites you but does no damage.
The hippogriff pecks you but does no damage.
The hippogriff claws you but does no damage.
You closely miss the hippogriff.
The hippogriff is heavily wounded.
The hippogriff bites you.
* * * LOW HITPOINT WARNING * * *
The hippogriff pecks you.
* * * LOW HITPOINT WARNING * * *
The hippogriff claws you.
* * * LOW HITPOINT WARNING * * *
You barely miss the hippogriff. You headbutt the hippogriff!
The hippogriff is severely wounded.
The hippogriff bites you.
* * * LOW HITPOINT WARNING * * *
The hippogriff pecks you but does no damage.
The hippogriff claws you.
You die...

#. #. #+## #.## ##...##
#..# ##.....## ##.##
##.......##
#######...####.........#
.............'.........+
######....##.#..@H.....#
# #.#.###.##.......## #
#.#.###.###.....## #
#.#...#.####..?## #
#......|.# #+##
#..##.#..####.#####
#..................
##.#.......)..##
#.#.....###...##


You could see a hippogriff.

Vanquished Creatures
  Sigmund (D:2)
  Terence (D:2)
  A worm (D:2)
  2 dart slugs
  A leopard gecko (D:2)
  8 bats
  3 giant cockroaches (D:1)
  7 goblins (D:1)
  5 hobgoblins
  10 jackals
  10 kobolds
  A ball python (D:1)
  A frilled lizard (D:1)
  7 rats
58 creatures vanquished.

Notes
Turn   | Place    | Note
-------+----------+-------------------------------------------
     0 | D:1      | EnegeticOcto the Minotaur Fighter began the quest for the
                  | Orb.
     0 | D:1      | Reached XP level 1. HP: 19/19 MP: 0/0
    89 | D:1      | Reached XP level 2. HP: 27/27 MP: 1/1
   286 | D:1      | Reached skill level 1 in Dodging
   468 | D:1      | Reached XP level 3. HP: 33/33 MP: 2/2
   742 | D:2      | Noticed Terence
   753 | D:2      | Killed Terence
   804 | D:2      | Reached XP level 4. HP: 19/40 MP: 3/3
  1182 | D:2      | Found a hide-covered altar of Uskayaw.
  1190 | D:2      | Noticed Sigmund
  1206 | D:2      | Killed Sigmund
  1206 | D:2      | Reached XP level 5. HP: 15/47 MP: 4/4
  1556 | D:2      | Found an ornate altar of the Wu Jian Council.
  1647 | D:2      | Noticed a hippogriff
  1657 | D:2      | HP: 2/47 [hippogriff (4)]
  1658 | D:2      | Slain by a hippogriff

Levels and vault maps discovered:
D:1:      minmay_arrival_plants_in_alcoves, layout_basic,
          minmay_splitting_lines, minmay_misc_feat_doors
D:2:      layout_loops_corners, lemuel_round_altar,
          eat_drink_and_be_merry_uskayaw, uniq_terence, uniq_sigmund

Skill      XL: |  1  2  3  4 |
---------------+-------------+-----
Axes           | 3 4 |  4.7
Dodging        | 1 2 |  2.5
Fighting       | 4 |  4.5
Armour         | 4 |  4.6
Shields        | 4 |  4.6

Action                   |  1- 3 |  4- 6 || total
-------------------------+-------+-------++-------
Melee: War axe           |    69 |    66 ||   135
       Headbutt          |    10 |     7 ||    17
  Use: Potion            |       |     1 ||     1
  Eat: Chunk             |       |     3 ||     3
Armor: Scale mail        |    43 |       ||    43
       Chain mail        |       |    48 ||    48
Dodge: Dodged            |    25 |    15 ||    40
Block: Shield            |    39 |    43 ||    82
